 Dungeon Crawl Stone Soup version 0.22-a0-136-g83a10e5 (webtiles) character file.

67 varam the Firebug (level 4, 0/24 HPs)
             Began as a Gargoyle Fire Elementalist on Feb 2, 2018.
             Shot with an arrow by a centaur (5 damage)
             ... on level 2 of the Dungeon.
             The game lasted 00:03:11 (1427 turns).

varam the Firebug (Gargoyle Fire Elementalist)      Turns: 1427, Time: 00:03:12

Health: 0/24       AC:  5    Str: 12    XL:     4   Next: 16%
Magic:  4/7        EV: 12    Int: 16    God:
Gold:   93         SH:  0    Dex: 10    Spells: 1/7 levels left

rFire    . . .     SeeInvis .   n - +1 whip (venom)
rCold    . . .     Gourm    .   (no shield)
rNeg     + . .     Faith    .   a - +0 robe
rPois    ∞         Spirit   .   (no helmet)
rElec    +         Reflect  .   (no cloak)
rCorr    .         Harm     .   (no gloves)
MR       .....                  (no boots)
Stlth    ++........             (no amulet)
HPRegen  0.08/turn              (no ring)
MPRegen  0.10/turn              (no ring)

@: no status effects
A: negative energy resistance 1, electricity resistance, unbreathing,
petrification resistance, rot immunity, AC +3
a: no special abilities


You were on level 2 of the Dungeon.
You were not hungry.

You visited 1 branch of the dungeon, and saw 2 of its levels.

You collected 93 gold pieces.

Inventory:

Hand Weapons
 d - a +0 mace of crushing
 n - a +1 whip of venom (weapon)
Armour
 a - a +0 robe (worn)
 i - a +0 buckler
Scrolls
 e - a scroll of identify {unknown}
 f - a scroll of blinking {unknown}
 g - 2 scrolls of immolation {unknown}
 k - a scroll of remove curse {unknown}
 l - a scroll of magic mapping {unknown}
 m - 4 scrolls of teleportation {unknown}
 q - a scroll of amnesia {unknown}
Potions
 h - a potion of invisibility {unknown}
 j - 3 potions of cancellation {unknown}
 o - a potion of curing {unknown}
 p - 2 potions of agility {unknown}
 r - a potion of heal wounds {unknown}
 s - a potion of berserk rage {unknown}
Books
 b - a book of Flames

   Spells                             Type                      Level
   a - Flame Tongue                   Conjuration/Fire             1
   b - Throw Flame                    Conjuration/Fire             2
   c - Conjure Flame                  Conjuration/Fire             3
   d - Inner Flame                    Hexes/Fire                   3
   e - Sticky Flame                   Conjuration/Fire             4
   f - Fireball                       Conjuration/Fire             5
Comestibles
 c - 5 rations


   Skills:
 + Level 0.5 Maces & Flails
 - Level 1.5 Dodging
 - Level 2.1 Stealth
 - Level 2.0 Spellcasting
 * Level 3.4 Conjurations
 + Level 3.6 Fire Magic


You had one spell level left.
You knew the following spells:

 Your Spells              Type           Power        Failure   Level  Hunger
a - Flame Tongue          Conj/Fire      ##...        4%          1    #......
b - Throw Flame           Conj/Fire      ##....       8%          2    ###....
c - Conjure Flame         Conj/Fire      ##......     14%         3    ###....


Dungeon Overview and Level Annotations

Branches:
Dungeon (2/15)

Altars:


Innate Abilities, Weirdness & Mutations

You are resistant to torment.
Your stone body is resilient. (AC +3)
You are immune to poison.
You resist negative energy. (rN+)
You are resistant to electric shocks. (rElec)
You can survive without breathing.
You are immune to petrification.
You are immune to rotting.


Message History

The hobgoblin completely misses you.
The centaur shoots an arrow.
The arrow closely misses you.
The centaur shoots an arrow.
The arrow barely misses you.
You see here 2 arrows.
The centaur shoots an arrow.
The arrow closely misses you.
You hear a shout!
You see here an arrow.
Casting: Flame Tongue (safe; 4% risk of failure)
Confirm with . or Enter, or press ? or * to list all spells.
Aiming: Conjure Flame (safe; 14% risk of failure)
Press: ? - help, Dir - move target cursor, p - hobgoblin The fire ignites!
You open the door.
The centaur shoots an arrow.
The arrow hits you.
The centaur shoots an arrow.
The arrow hits you.
The centaur shoots an arrow.
The arrow hits you.
* * * LOW HITPOINT WARNING * * *
There is an open door here.
You see here 2 arrows.
The centaur shoots an arrow.
The arrow hits you.
You die...

...# #.....###..... ...#
.###..(.......... ...+
........(......... ...#
####+#######......... ...#
#.........###.##.#+# ...#
#.........# #.(#.#+###### ...##
#.........####c#......... ....#
#.........((.§g..........
....####........@#####.#.........
....'............+...............
....####.........#####...........
.....<.#.........# #...........
.................#####...........
......................#..........
..................(...#..........
###...................#..........
.....))########.......#...#.#####


You could see a centaur and a hobgoblin.

Vanquished Creatures
  3 adders (D:2)
  A worm (D:2)
  A dart slug (D:1)
  2 leopard geckos (D:1)
  A ball python (D:1)
  3 giant cockroaches
  A hobgoblin (D:1)
  3 jackals (D:2)
  6 kobolds
  A quokka (D:2)
  3 bats
  3 frilled lizards
  A goblin (D:1)
  4 rats
33 creatures vanquished.

Notes
Turn   | Place    | Note
-------+----------+-------------------------------------------
     0 | D:1      | varam the Gargoyle Fire Elementalist began the quest for the Orb.
     0 | D:1      | Reached XP level 1. HP: 10/10 MP: 3/3
   395 | D:1      | Reached XP level 2. HP: 15/15 MP: 3/5
   396 | D:1      | Reached skill level 2 in Conjurations
   693 | D:2      | Reached XP level 3. HP: 19/19 MP: 2/6
   697 | D:2      | Learned a level 2 spell: Throw Flame
   701 | D:2      | Learned a level 3 spell: Conjure Flame
   768 | D:2      | Reached skill level 3 in Conjurations
  1169 | D:2      | Reached XP level 4. HP: 22/24 MP: 7/7
  1414 | D:2      | Noticed a centaur
  1427 | D:2      | Shot with an arrow by a centaur

Vault maps used:
D:1:      lightli_arrival_statuegarden
D:2:      minmay_door_path, minmay_small_reverse_x

Skill      XL: |  1  2  3 |
---------------+----------+-----
Conjurations   | 2 3 |  3.4
Maces & Flails | |  0.5
Dodging        | |  1.5
Stealth        | |  2.1
Spellcasting   | |  2.0
Fire Magic     | |  3.6

Action                   |  1- 3 |  4- 6 || total
-------------------------+-------+-------++-------
Melee: Mace              |    33 |       ||    33
       Whip              |    18 |     4 ||    22
 Cast: Flame Tongue      |    20 |     1 ||    21
       Throw Flame       |     2 |       ||     2
       Conjure Flame     |       |     1 ||     1
 Stab: Sleeping          |     1 |     1 ||     2
  Eat: Chunk             |     1 |     1 ||     2
Armor: Robe              |    24 |       ||    24
Dodge: Dodged            |    38 |     6 ||    44

Table legend:
 A = Spawn XP
 B = Non-spawn XP
 C = Spawn XP percentage of total XP
 D = Spawn monster count
 E = Non-spawn monster count
 F = Spawn count percentage of total count
 G = Total turns spent on level
                    A         B        C        D         E        F      G
               +---------+---------+-------+---------+---------+-------+---------
         Total |       0 |      96 |   0.0 |       0 |      33 |   0.0 |  1427
               +---------+---------+-------+---------+---------+-------+---------
           D:1 |       0 |      29 |   0.0 |       0 |      16 |   0.0 |   656
           D:2 |       0 |      67 |   0.0 |       0 |      17 |   0.0 |   771
               +---------+---------+-------+---------+---------+-------+---------
